 Dungeon Crawl Stone Soup version 0.30-a0-347-gf58ed5266c (webtiles) character file.

Game seed: 11624532281401078407

2522 p00ps00p the Cleaver (level 9, -1/82 HPs)
             Began as a Hill Orc Fighter on Nov 6, 2022.
             Was an Initiate of Gozag.
             Slain by a killer bee (2 damage)
             ... on level 6 of the Dungeon.
             The game lasted 00:18:29 (8189 turns).

p00ps00p the Cleaver (Hill Orc Fighter)             Turns: 8189, Time: 00:18:31

Health: -1/82      AC: 14    Str: 23    XL:     9   Next: 54%
Magic:  9/9        EV:  9    Int:  8    God:    Gozag
Gold:   583        SH:  5    Dex: 10    Spells: 5/8 levels left

rFire   + . .      SeeInvis .    a - +1 war axe
rCold   + . .      Faith    .    c - +0 buckler
rNeg    . . .      Spirit   .    b - +0 scale mail
rPois   +          Reflect  .    l - +2 helmet
rElec   +          Harm     .    m - +2 cloak
rCorr   +          Rampage  .    (no gloves)
Will    .....                    (no boots)
Stlth   ..........               (no amulet)
HPRegen 0.33/turn                g - ring of wizardry
MPRegen 0.11/turn                s - ring of wizardry

@: mighty, resistant, gold aura, attractive, flying
A: no striking features
a: Renounce Religion, Potion Petition, Call Merchant, Bribe Branch


You were on level 6 of the Dungeon.
You worshipped Gozag.
Gozag was pleased with you.
You visited 2 branches of the dungeon, and saw 8 of its levels.

You collected 651 gold pieces.
You paid 68 gold pieces to Gozag.

Inventory:

Hand Weapons
 a - a +1 war axe (weapon)
 t - a +2 hand axe
Missiles
 j - 6 boomerangs (quivered)
Armour
 b - a +0 scale mail (worn)
 c - a +0 buckler (worn)
 l - a +2 helmet (worn)
 m - a +2 cloak (worn)
Jewellery
 d - an amulet of guardian spirit
 g - a ring of wizardry (left hand)
 s - a ring of wizardry (right hand)
Scrolls
 k - a scroll of amnesia
 p - 4 scrolls of identify
Potions
 e - a potion of brilliance
 i - 2 potions of mutation
 u - a potion of invisibility {unknown}
 w - a potion of attraction


   Skills:
 + Level 8.4 Fighting
 + Level 8.7 Axes
 + Level 7.6 Armour
 + Level 7.7 Shields


You had 5 spell levels left.
You knew the following spells:

 Your Spells              Type           Power      Damage    Failure   Level
a - Tukima's Dance        Hex            0%         N/A       63%         3

Your spell library contained the following spells:

 Spells                   Type           Power      Damage    Failure   Level
 Confusing Touch          Hex            0%         N/A       63%         3
 Frozen Ramparts          Ice            0%         1d1       63%         3
 Anguish                  Hex/Necr       0%         N/A       94%         4
 Ice Form                 Ice/Tmut       0%         N/A       94%         4
 Manifold Assault         Tloc           0%         N/A       94%         4
 Summon Ice Beast         Ice/Summ       0%         N/A       94%         4
 Silence                  Hex/Air        0%         N/A       99%         5
 Yara's Violent Unravell  Hex/Tmut       0%         3d3       99%         5
 Dispersal                Tloc           0%         N/A       100%        6
 Enfeeble                 Hex            0%         N/A       100%        7
 Disjunction              Tloc           0%         N/A       100%        8


Dungeon Overview and Level Annotations

Branches:
Dungeon (7/15)             Temple (1/1) D:4

Altars:
Dithmenos
Elyvilon
Fedhas
Gozag
Hepliaklqana
Nemelex Xobeh
Qazlal
Ru
Sif Muna
Trog
Uskayaw
Wu Jian
Yredelemnul
The Shining One


Message History

The killer bee is distracted by your dazzling golden aura.
The killer bee stings you but does no damage.
You fly upwards.
There is a stone staircase leading down here.
Read: scroll of butterflies
Press: ? - help, Q - select action, (/) - cycle Dir - look around, f - activate Look: a killer bee (moderately wounded)
As you read the scroll of butterflies, it crumbles to dust.
You hear the tinkle of a tiny bell.
The killer bee stings you but does no damage.
The killer bee barely misses you. The killer bee stings you!
* * * LOW HITPOINT WARNING * * *
The killer bee stings you but does no damage.
You swap places.
The killer bee stings your butterfly.
Your butterfly dies!
Your butterfly disappears in a burst of colours!
The killer bee stings you.
* * * LOW HITPOINT WARNING * * *
The killer bee barely misses your butterfly.
You slash the killer bee!
The killer bee is severely wounded.
You block the killer bee's attack.
The killer bee stings you but does no damage. x2
You hit the killer bee.
The killer bee is almost dead.
You slash the killer bee!
You kill the killer bee!
The killer bee barely misses you. You block the killer bee's attack.
You miss the killer bee.
The killer bee is almost dead.
The killer bee stings you but does no damage.
The killer bee stings you.
* * * LOW HITPOINT WARNING * * *
You miss the killer bee.
The killer bee is almost dead.
The killer bee stings you.
* * * LOW HITPOINT WARNING * * *
The killer bee stings you.
You die...
Your body crumbles into a pile of gold.

# ##.#.##....###.........#
########.<#....####.....##....###
.....##..##..### #..###.#####...#
####.##.....## #.## #.#######..
##...)...##.# #.# #....# ##.
.......####.# ##.# ####.# ##
........###.#####b.# #.####
........##....b#b.## #....#
...........b.b..@### ####.##
......##..b.bbb$ybb##########..#
##...###..bbbbb.b#bb.........#.##
###### #...bbbbbb###########...).
#...bbbbb.# ###.#> #.....b.b.#
#.## #....b.b..# #.## #.........#
#... #..)......# ####


You could see a killer bee (ally target).

Vanquished Creatures
  Maggie (D:6)
  3 orc warriors
  2 ice beasts
  3 ogres
  A centaur (D:7)
  A phantom (D:5)
  2 bullfrogs
  3 scorpions
  A necrophage (D:6)
  4 wights
  3 killer bees
  A jelly (D:3)
  4 orc priests
  5 iguanas
  3 orc wizards
  15 gnolls
  4 adders
  A worm (D:2)
  2 dart slugs
  23 orcs
  7 endoplasms
  5 giant cockroaches
  5 goblins
  10 hobgoblins
  4 jackals
  6 kobolds
  5 quokkas
  12 ball pythons
  5 bats
  2 frilled lizards (D:3)
  7 rats
150 creatures vanquished.

Vanquished Creatures (others)
  3 plants (D:2)
3 creatures vanquished.

Grand Total: 153 creatures vanquished

Notes
Turn   | Place    | Note
-------+----------+-------------------------------------------
     0 | D:1      | p00ps00p the Hill Orc Fighter began the quest for the Orb.
     0 | D:1      | Reached XP level 1. HP: 19/19 MP: 1/1
    99 | D:1      | Reached XP level 2. HP: 24/27 MP: 2/2
   577 | D:1      | Reached XP level 3. HP: 32/33 MP: 3/3
  1588 | D:2      | Reached XP level 4. HP: 40/40 MP: 4/4
  2604 | D:3      | Reached XP level 5. HP: 37/47 MP: 5/5
  2908 | D:3      | Reached skill level 5 in Fighting
  2908 | D:3      | Reached XP level 6. HP: 40/56 MP: 6/6
  3014 | D:3      | Identified the +0 robe of the Baker {Int+4}
  3500 | D:4      | Reached skill level 5 in Axes
  4350 | D:4      | Found a staircase to the Ecumenical Temple.
  4381 | D:4      | Got the Encyclopedia of Enchantment
  4388 | Temple   | Entered the Ecumenical Temple
  4440 | Temple   | Became a worshipper of Gozag Ym Sagoz the Greedy
  4695 | D:5      | Entered Level 5 of the Dungeon
  4780 | D:5      | Reached skill level 5 in Shields
  4781 | D:5      | Reached skill level 5 in Armour
  4906 | D:5      | Noticed an ice beast
  4917 | D:5      | Killed an ice beast
  4918 | D:5      | Reached XP level 7. HP: 56/62 MP: 7/7
  5118 | D:5      | Found a shadowy altar of Dithmenos.
  5632 | D:5      | Learned a level 3 spell: Tukima's Dance
  5821 | D:5      | Reached XP level 8. HP: 64/69 MP: 8/8
  6504 | D:6      | Found a white marble altar of Elyvilon.
  6552 | D:6      | Noticed Maggie
  6572 | D:6      | Killed Maggie
  7107 | D:6      | Reached XP level 9. HP: 19/79 MP: 9/9
  7977 | D:7      | Found a bloodstained altar of Trog.
  8177 | D:7      | HP: 4/82 [killer bee (2)]
  8188 | D:6      | HP: 4/82 [killer bee (3)]
  8189 | D:6      | HP: 1/82 [killer bee (4)]
  8189 | D:6      | Slain by a killer bee

Illustrated notes

Levels and vault maps discovered:
D:1:      nzn_arrival_depleted_hourglass, layout_loops_ring
D:2:      layout_basic, serial_bayou_pond_b, serial_park_tiny_2
D:3:      layout_basic, minmay_fountain_box
D:4:      layout_rooms, minmay_temple_entry_offerings
D:5:      layout_cave_pods, mainiacjoe_overflow_catwalk, serial_park_tiny_2,
          solitary_fountain, chequers_serial_rivers_micro_b,
          hangedman_abyss_or_decor_stagger
D:6:      layout_rooms, nicolae_elyvilon_peaceful_grove,
          hellmonk_bongcloud_opening, uniq_maggie
D:7:      layout_basic, okawaru_metal_pillars_1_2, bloody_makhleb,
          trog_butcher_becter
Temple:   nicolae_temple_ecumenical_triangle

Skill      XL: |  1  2  3  4  5  6  7  8  9 |
---------------+----------------------------+-----
Axes           | 3 4 5 6 7 8 |  8.7
Fighting       | 4 5 6 7 8 |  8.4
Shields        | 4 5 6 7 |  7.7
Armour         | 4 5 6 7 |  7.6

Action                   |  1- 3 |  4- 6 |  7- 9 || total
-------------------------+-------+-------+-------++-------
Melee: War axe           |    85 |   228 |   217 ||   530
Evoke: Wand              |       |     2 |     1 ||     3
  Use: Scroll            |     2 |     8 |     3 ||    13
       Potion            |       |     2 |    10 ||    12
Armor: Scale mail        |    47 |   162 |   132 ||   341
Dodge: Dodged            |    48 |   123 |   124 ||   295
Block: Buckler           |    20 |    60 |    82 ||   162

Table legend: (Time is in decaauts)
 A = Elapsed time spent in this place.
 B = Non-inter-level travel time spent in this place.
 C = Inter-level travel time spent in this place.
 D = Time resting spent in this place.
 E = Time spent auto-exploring this place.
 F = Levels seen in this place.
 G = Mean time per level.
                   A        B        C        D        E       F      G
               +--------+--------+--------+--------+--------+-----+--------+
         Total |   8342 |   8200 |    142 |   2647 |   3824 |   8 | 1042.8 |
       Dungeon |   8277 |   8140 |    137 |   2647 |   3794 |   7 | 1182.4 |
        Temple |     64 |     59 |      5 |      0 |     30 |   1 |   64.0 |
               +--------+--------+--------+--------+--------+-----+--------+

Top non-repeatable levels by time:
     D:3: 1849 daAuts
     D:5: 1731 daAuts
     D:2: 1511 daAuts
     D:6: 1458 daAuts
     D:1: 789 daAuts
     D:4: 585 daAuts
     D:7: 351 daAuts
  Temple: 64 daAuts
